 Dungeon Crawl Stone Soup version 0.16-a0-5-g756871a (webtiles) character file.

95 Aelig the Chiller (level 4, 0/29 HPs)
             Began as an Octopode Ice Elementalist on Aug 3, 2014.
             Succumbed to poison (a potion of poison)
             ... in a sewer.
             The game lasted 00:08:27 (2214 turns).

Aelig the Chiller (Octopode Ice Elementalist)       Turns: 2214, Time: 00:08:27

HP   0/29        AC  1     Str 12      XL: 4   Next: 66%
MP   7/7         EV 12     Int 18      God:
Gold 51          SH  0     Dex 12      Spells:  2 memorised,  4 levels left

rFire  . . .     SeeInvis .     (no weapon)
rCold  . . .     Clarity  .     (no shield)
rNeg   + . .     rCorr    .     (helmet restricted)
rPois  .         rRot     .     g - amulet of warding
rElec  .         Spirit   .     (no ring)
SustAb .         Warding  +     (no ring)
rMut   .         Stasis   .     (no ring)
Gourm  .                        (no ring)
MR     .....                    (no ring)
                                (no ring)
                                (no ring)
                                (no ring)

@: mighty, lethally poisoned, not resistant to hostile enchantments, fairly
stealthy
A: almost no armour, amphibious, 8 rings, constrict 8, camouflage 1, robust 1,
gelatinous body 1
a: no special abilities


You were in a sewer.
You were hungry.

You visited 1 branch of the dungeon, and saw 3 of its levels.
You also visited: Sewer.

You collected 51 gold pieces.

Inventory:

Comestibles
 c - a bread ration
 n - a rotting chunk of bat flesh
 s - a meat ration
Scrolls
 e - 2 scrolls of immolation {unknown}
 i - a scroll of remove curse {unknown}
 k - a scroll of enchant armour {unknown}
 l - 2 scrolls of amnesia {unknown}
 p - a scroll of identify {unknown}
 q - a scroll of fog {unknown}
Jewellery
 g - an amulet of warding (around mantle)
Potions
 h - a potion of poison
Books
 b - a book of Frost

   Spells                             Type                      Level
   *Freeze                            Ice                          1
   *Throw Frost                       Conjuration/Ice              2
   Ozocubu's Armour                   Charms/Ice                   3
   Throw Icicle                       Conjuration/Ice              4
   Summon Ice Beast                   Ice/Summoning                4
   Condensation Shield                Ice                          4
 j - a book of Geomancy

   Spells                             Type                      Level
   Sandblast                          Earth                        1
   Stoneskin                          Transmutation/Earth          2
   Passwall                           Transmutation/Earth          3
   Stone Arrow                        Conjuration/Earth            3
   Petrify                            Transmutation/Earth          4
   Lee's Rapid Deconstruction         Earth                        5


   Skills:
 - Level 2.0 Dodging
 - Level 2.6 Stealth
 - Level 2.0 Spellcasting
 + Level 1.1 Conjurations
 - Level 5.2 Ice Magic


You had 4 spell levels left.
You knew the following spells:

 Your Spells              Type           Power        Failure   Level  Hunger
a - Freeze                Ice            ###.         1%          1    #......
b - Throw Frost           Conj/Ice       ##....       10%         2    ##.....


Dungeon Overview and Level Annotations

Branches:
Dungeon (3/15)

Altars:
Cheibriados
Qazlal
Zin


Innate Abilities, Weirdness & Mutations

You cannot wear most types of armour.
You are amphibious.
You can wear up to eight rings at the same time.
You can use your tentacles to constrict many enemies at once.
Your skin changes colour to match your surroundings (Stealth).
Your rubbery body absorbs attacks (AC +1).
You are robust (+10% HP).


Message History

It was a potion of cancellation.
You feel a little less agile now.
* * * LOW HITPOINT WARNING * * *
You feel sick.
Drink which item? (? for menu, Esc to quit)
You feel extremely strange.
You feel robust.
It was a potion of mutation.
* * * LOW HITPOINT WARNING * * *
You feel sick.
Drink which item? (? for menu, Esc to quit)
You feel very mighty all of a sudden.
It was a potion of might.
* * * LOW HITPOINT WARNING * * *
You feel sick.
You aren't carrying any items that can be evoked.
There is a lethal amount of poison in your body!
There is a lethal amount of poison in your body!
There is a lethal amount of poison in your body!
You die...

###...P#K≈≈#....P
#.PPK#K≈≈#....
##''##≈≈≈## #...
#(≈≈# #..) #(≈≈#
)!∩ #(≈≈# #≈≈≈#
#####(≈≈#
#..@+≈≈≈#
#∩∩.#≈≈≈#
#...#≈≈≈#
#########


There were no monsters in sight!

Vanquished Creatures
  A hound (D:3)
  2 adders
  2 giant mites
  A giant gecko (D:1)
  An ooze (Sewer)
  6 hobgoblins
  3 jackals (D:1)
  2 ball pythons
  A bat (Sewer)
  2 giant cockroaches
  2 giant newts (Sewer)
  3 goblins
  6 kobolds
  7 rats
39 creatures vanquished.

Notes
Turn   | Place    | Note
--------------------------------------------------------------
     0 | D:1      | Aelig, the Octopode Ice Elementalist, began the quest for the Orb.
     0 | D:1      | Reached XP level 1. HP: 11/11 MP: 3/3
   289 | D:1      | Reached XP level 2. HP: 15/17 MP: 2/4
  1120 | D:2      | Reached skill level 4 in Ice Magic
  1281 | D:3      | Reached XP level 3. HP: 18/21 MP: 3/6
  1304 | D:3      | Found a glowing silver altar of Zin.
  1548 | D:3      | Noticed an air elemental
  1550 | D:3      | Found a stormy altar of Qazlal.
  1551 | D:3      | Noticed a water elemental
  1551 | D:3      | Noticed an earth elemental
  1551 | D:3      | Noticed a fire elemental
  1586 | D:3      | Found a snail-covered altar of Cheibriados.
  1590 | D:3      | Reached XP level 4. HP: 15/27 MP: 2/7
  1611 | D:2      | Reached skill level 5 in Ice Magic
  1665 | D:3      | Found a glowing drain.
  1676 | Sewer    | Entered a sewer
  1892 | Sewer    | Learned a level 2 spell: Throw Frost
  2196 | Sewer    | Noticed a big kobold
  2212 | Sewer    | Gained mutation: You are robust (+10% HP). [potion of mutation]
  2213 | Sewer    | HP: 1/29 [poison (a potion of poison)]
  2214 | Sewer    | Succumbed to poison (a potion of poison)

Action                   |  1- 3 |  4- 6 || total
-------------------------+-------+-------++-------
Melee: Unarmed           |    36 |    11 ||    47
 Cast: Freeze            |    24 |    18 ||    42
  Use: Potion            |       |     5 ||     5
 Stab: Sleeping          |     2 |     1 ||     3
  Eat: Chunk             |     2 |     2 ||     4
